Map: Blackburn LE

Players

Pumba - Winner!

  • Race: Zerg Zerg
  • League: Master
  • Spawn Location: 5:00

PhyNix

  • Race: Terran Terran
  • League: Master
  • Spawn Location: 7:00

VOD

Have the link to the VOD?

Description

Time

  • Played on: Sept. 21, 2021, 9:16 p.m.
  • Length: 9:01
Show
View Real Time Build Order
Export as new Build Order

Pumba Zerg - Winner!

Build Orders: Hatch First 

Get SALT Encoding   

  12  0:00  Drone  
  13  0:12  Overlord  
  13  0:19  Drone  
  14  0:31  Drone x2  
  16  0:49  Hatchery  
  15  0:52  Drone  
  15  0:56  Drone  
  17  1:06  Extractor  
  16  1:11  Spawning Pool  
  16  1:14  Drone  
  17  1:18  Drone  
  17  1:21  Drone  
  18  1:28  Drone  
  19  1:44  Drone  
  20  1:53  Overlord  
  20  1:59  Queen  
  20  2:01  Zergling x2, Queen  
  23  2:02  Zergling x2  
  26  2:11  Drone  
  26  2:12  Metabolic Boost  
  26  2:15  Drone  
  28  2:23  Drone x2  
  30  2:31  Spore Crawler  
  30  2:41  Hatchery  
  29  2:46  Drone  
  29  2:49  Drone  
  31  2:52  Drone  
  31  2:54  Queen  
  31  2:58  Overlord  
  34  3:03  Overlord  
  34  3:09  Drone x2  
  36  3:17  Drone  
  36  3:18  Drone x4  
  41  3:34  Overlord  
  41  3:35  Drone  
  41  3:38  Queen x2  
  41  3:40  Drone x2  
  41  3:41  Drone  
  49  3:46  Drone x3  
  52  4:02  Zergling x6  
  55  4:03  Drone  
  55  4:04  Queen  
  55  4:06  Drone x3  
  61  4:12  Spore Crawler  
  60  4:18  Drone x3  
  60  4:23  Drone x3  
  65  4:24  Baneling Nest  
  65  4:28  Drone  
  65  4:33  Extractor, Overlord x3  
  65  4:34  Extractor  
  63  4:47  Zergling x4  
  63  4:50  Queen x2  
  69  5:00  Drone x12  
  69  5:01  Drone  
  82  5:12  Overlord x2  
  82  5:13  Hatchery  
  81  5:22  Lair  
  81  5:25  Extractor, Evolution Chamber x2  
  81  5:27  Drone  
  79  5:33  Drone x3  
  82  5:36  Drone  
  82  5:37  Drone  
  82  5:38  Drone x2  
  82  5:39  Extractor  
  82  5:40  Extractor  
  84  5:43  Drone x2  
  84  5:44  Drone  
  84  5:45  Drone x2  
  84  5:46  Drone x2  
  91  5:54  Overlord  
  91  5:55  Overlord  
  91  5:57  Zerg Melee Weapons Level 1  
  91  5:58  Zerg Ground Armor Level 1  
  91  6:10  Zergling x16  
  98  6:11  Overlord  
  98  6:12  Overlord x2  
  98  6:18  Zergling x6  
  101  6:34  Centrifugal Hooks  
  101  6:35  Spire, Overlord  
  101  6:36  Overseer  
  101  6:38  Hatchery  
  99  6:43  Zergling x26  
  99  6:46  Baneling  
  99  6:47  Baneling  
  111  6:48  Baneling x3  
  111  7:00  Drone x5  
  111  7:01  Drone  
  117  7:07  Zergling x8  
  117  7:08  Zergling x14  
  128  7:16  Hatchery  
  128  7:17  Overlord  
  127  7:27  Baneling x6, Overseer  
  127  7:30  Pneumatized Carapace  
  127  7:32  Zergling x20  
  127  7:34  Baneling x2  
  127  7:35  Baneling x4  
  136  7:51  Mutalisk x10  
  156  8:11  Zergling x20  
  146  8:12  Mutalisk x2  
  146  8:13  Mutalisk  
  146  8:18  Zergling x6  
  143  8:28  Mutalisk x3  
  143  8:30  Zergling x18  
  158  8:35  Baneling x4  
  158  8:36  Baneling x3  
  150  8:42  Baneling x3  
  150  8:44  Zergling x16  
Show
View Real Time Build Order
Export as new Build Order

PhyNix Terran 

Build Orders: Liberator Opening, Reaper Expand 

Get SALT Encoding   

  12  0:00  SCV  
  13  0:12  SCV  
  14  0:17  Supply Depot  
  14  0:24  SCV  
  15  0:38  SCV  
  15  0:40  Barracks  
  16  0:44  Refinery  
  16  0:50  SCV  
  17  1:02  SCV  
  18  1:14  SCV  
  19  1:27  Reaper, Orbital Command  
  20  1:44  Command Center  
  21  1:54  SCV  
  21  1:58  Supply Depot  
  21  1:59  Marine  
  22  2:06  SCV  
  23  2:10  Factory  
  23  2:19  Refinery, SCV  
  23  2:21  Barracks Reactor  
  24  2:31  SCV  
  25  2:43  SCV  
  26  2:55  Starport  
  26  2:56  Orbital Command  
  25  3:04  Hellion x2  
  29  3:06  SCV  
  29  3:08  Marine  
  31  3:18  SCV  
  32  3:22  SCV  
  32  3:25  Hellion x2  
  37  3:27  Supply Depot  
  37  3:28  Marine  
  40  3:34  Liberator  
  40  3:37  SCV x2  
  43  3:48  Hellion  
  45  3:49  Hellion  
  45  3:50  Marine  
  45  3:51  Supply Depot  
  48  3:56  SCV x2  
  50  4:12  Hellion x2  
  50  4:14  Supply Depot, SCV  
  50  4:15  SCV  
  56  4:27  SCV x2  
  56  4:28  Viking, Barracks Tech Lab  
  60  4:42  Command Center  
  60  4:44  Factory Reactor  
  58  4:45  SCV x2  
  58  4:47  Stimpack  
  58  4:48  Supply Depot  
  59  4:58  Marine  
  56  5:01  Barracks  
  56  5:03  SCV  
  56  5:04  Barracks  
  55  5:08  Engineering Bay, SCV  
  55  5:09  Engineering Bay  
  56  5:15  Refinery, SCV  
  56  5:18  Refinery  
  56  5:20  SCV  
  58  5:21  Marine  
  58  5:28  SCV, Factory Tech Lab  
  60  5:32  SCV  
  60  5:33  Starport Reactor  
  61  5:40  SCV, Terran Infantry Armor Level 1, Terran Infantry Weapons Level 1  
  61  5:42  Marine  
  63  5:44  SCV  
  64  5:51  Barracks  
  64  5:52  SCV  
  64  5:55  Orbital Command  
  64  5:56  Barracks, SCV  
  66  6:00  Siege Tank  
  69  6:07  Marine x5  
  69  6:10  Medivac x2  
  78  6:22  Orbital Command  
  78  6:30  Marine  
  78  6:31  Marine x4  
  83  6:35  Siege Tank  
  83  6:37  Armory, Combat Shield  
  86  6:45  Barracks Reactor x2  
  86  6:46  Medivac x2  
  90  6:48  Marine  
  90  6:50  SCV x2  
  93  7:04  Supply Depot  
  93  7:06  Supply Depot  
  93  7:07  Supply Depot  
  93  7:08  Supply Depot  
  93  7:14  Supply Depot  
  93  7:25  SCV, Marine x5  
  93  7:28  Siege Tank, Marine x4  
  106  7:31  Supply Depot  
  106  7:40  Supply Depot  
  106  7:43  SCV, Marine x3  
  106  7:44  SCV x2  
  112  7:48  Barracks x2, Medivac x2  
  116  7:51  Barracks  
  116  7:55  Supply Depot  
  116  7:56  SCV  
  116  7:57  Supply Depot  
  117  8:00  Siege Tank  
  120  8:11  Marine  
  120  8:12  Marine x5  
  77  8:28  Marine  
  71  8:41  Marine  
  71  8:42  Marine x10  
Tags
 
Add a new tag
Caveats
  • Supply blocks, unpowered buildings, or Contaminate may cause inaccurate times.
  • Supply counts are checked every 10 seconds.